 Dungeon Crawl Stone Soup version 0.30-a0-1018-g25214051b3 (webtiles) character file.

Game seed: 1719810084328138295

41 CornPuffBuddha the Chopper (level 3, 0/33 HPs)
             Began as a Hill Orc Monk on Apr 7, 2023.
             Succumbed to an adder's poison
             ... on level 2 of the Dungeon.
             The game lasted 00:05:34 (1266 turns).

CornPuffBuddha the Chopper (Hill Orc Monk)          Turns: 1266, Time: 00:05:34

Health: 0/33       AC:  3    Str: 15    XL:     3   Next: 52%
Magic:  3/3        EV: 11    Int: 10    God:
Gold:   68         SH:  3    Dex: 13    Spells: 2/2 levels left

rFire   . . .      SeeInvis .    a - +0 hand axe
rCold   . . .      Faith    .    d - +0 buckler
rNeg    . . .      Spirit   .    l - +0 leather armour
rPois   .          Reflect  .    (no helmet)
rElec   .          Rampage  .    (no cloak)
rCorr   .                        (no gloves)
Will    .....                    (no boots)
Stlth   ++                       (no amulet)
HPRegen 0.25/turn                (no ring)
MPRegen 0.08/turn                (no ring)

@: mighty, lethally poisoned (0 -> -7), flying, hasted, very quick
A: no striking features
a: no special abilities


You were on level 2 of the Dungeon.
You visited 1 branch of the dungeon, and saw 2 of its levels.

You collected 68 gold pieces.

Inventory:

Hand Weapons
 a - a +0 hand axe (weapon)
Missiles
 g - 4 poisoned darts (quivered)
Armour
 b - a +0 robe
 d - a +0 buckler (worn)
 l - a +0 leather armour (worn)
 n - a +0 helmet
Jewellery
 j - a +6 ring of intelligence
Potions
 c - 2 potions of ambrosia
 f - a potion of magic
 k - a potion of might


   Skills:
 + Level 4.2 Fighting
 * Level 5.4 Axes
 - Level 2.4 Dodging
 - Level 1.5 Stealth


You had 2 spell levels left.
You didn't know any spells.
Your spell library contained the following spells:

 Spells                   Type           Power      Damage    Failure   Level
 Slow                     Hex            0%         N/A       54%         1
 Poisonous Vapours        Pois/Air       0%         N/A       69%         2
 Confusing Touch          Hex            0%         N/A       89%         3
 Mephitic Cloud           Conj/Pois/Air  0%         N/A       89%         3
 Vampiric Draining        Necr           0%         2d6       89%         3
 Freezing Cloud           Conj/Ice/Air   0%         6-21      100%        5


Dungeon Overview and Level Annotations

Branches:
Dungeon (2/15)

Altars:

Shops:
D:1 ![::


Message History

It was a potion of might.
You feel very mighty all of a sudden.
You feel very sick. You block the adder's attack.
The adder bites you but does no damage.
The air fills with toxic fumes!
As you read the scroll labelled YGICE XILARI, it crumbles to dust.
It was a scroll of poison.
You feel sick. You block the adder's attack. The adder closely misses you.
As you read the scroll labelled IPOCZE YWUMAY, it crumbles to dust.
It is a scroll of identify.
f - a potion of magic You feel sick.
The adder barely misses you. The adder bites you but does no damage.
It was a potion of haste.
You feel yourself speed up.
You feel sick. The adder bites you.
You are more poisoned.
The adder poisons you! The adder bites you. x2
* * * LOW HITPOINT WARNING * * *
The adder barely misses you.
It was a potion of flight.
You feel very buoyant.
You fly up into the air.
* * * LOW HITPOINT WARNING * * *
You feel sick. The adder bites you.
* * * LOW HITPOINT WARNING * * *
You hit the adder.
The adder is moderately wounded.
You miss the adder.
* * * LOW HITPOINT WARNING * * *
You feel sick. The adder closely misses you. The adder barely misses you.
You closely miss the adder.
The adder is moderately wounded.
You barely miss the adder.
* * * LOW HITPOINT WARNING * * *
You feel sick. The adder bites you but does no damage. The adder bites you.
* * * LOW HITPOINT WARNING * * *
You barely miss the adder.
The adder is moderately wounded.
You closely miss the adder.
You die...

#......# ###
#.....§########. #
#.####§§.§☼§§... #
... #§#§§§§§.## #
###########§#☼§§§§.#
#
...§§☼§☼§§§§§§☼§§§.#
#
..K§§§☼§☼§§§☼§☼§§§.#
#
...§§§§☼§S§§§§§#####
# ..$§☼§☼§gS@☼§§☼# #
...§§§#####§☼§☼# #
..... #☼§§§§§§. #
..$. #☼§§☼###.# #
... #§§§§§☼ ..
#####§#☼ . §# J .#


You could see 2 adders and a goblin.

Vanquished Creatures
  An adder (D:2)
  A dart slug (D:1)
  4 endoplasms
  4 giant cockroaches (D:1)
  A goblin (D:1)
  3 hobgoblins (D:1)
  2 quokkas (D:1)
  2 ball pythons (D:1)
  4 bats
  A frilled lizard (D:1)
  4 kobolds
  A rat (D:2)
28 creatures vanquished.

Notes
Turn   | Place    | Note
-------+----------+-------------------------------------------
     0 | D:1      | CornPuffBuddha the Hill Orc Monk began the quest for the
                  | Orb.
     0 | D:1      | Reached XP level 1. HP: 19/19 MP: 1/1
    52 | D:1      | Found Burgh's Book Boutique.
   104 | D:1      | Reached XP level 2. HP: 27/27 MP: 2/2
   352 | D:1      | Found Yshaip's Antique Armour Shop.
   353 | D:1      | Found Vior's Distillery.
   356 | D:1      | Found Luodoluo's Book Shoppe.
   579 | D:1      | Found Pysur's Magic Scroll Shop.
   808 | D:1      | Reached skill level 5 in Axes
   833 | D:1      | Reached XP level 3. HP: 33/33 MP: 3/3
  1266 | D:2      | Succumbed to an adder's poison

Illustrated notes

Levels and vault maps discovered:
D:1:      dpeg_arrival_leaves_temple_mockup, layout_basic, serial_shops,
          nicolae_shop_competitors_out_of_business, nicolae_shop_behind_doors,
          nicolae_diamond_shop, nicolae_shop_crystal, shop, skrybe_limestone_x
D:2:      layout_basic, uniq_sigmund

Skill      XL: |  1  2 |
---------------+-------+-----
Fighting       | 4 |  4.2
Axes           | 5 |  5.4
Dodging        | |  2.4
Stealth        | |  1.5

Action                     || total
---------------------------++-------
  Melee: Hand axe          ||    85
    Use: Potion            ||     3
         Scroll            ||     2
   Stab: Sleeping          ||     3
 Armour: Robe              ||     7
         Leather armour    ||     5
  Dodge: Dodged            ||    65
  Block: Buckler           ||     8

Table legend: (Time is in decaauts)
 A = Elapsed time spent in this place.
 B = Non-inter-level travel time spent in this place.
 C = Inter-level travel time spent in this place.
 D = Time resting spent in this place.
 E = Time spent auto-exploring this place.
 F = Levels seen in this place.
 G = Mean time per level.
                   A        B        C        D        E       F      G
               +--------+--------+--------+--------+--------+-----+--------+
         Total |   1273 |   1213 |     60 |     16 |    933 |   2 |  636.5 |
       Dungeon |   1273 |   1213 |     60 |     16 |    933 |   2 |  636.5 |
               +--------+--------+--------+--------+--------+-----+--------+

Top non-repeatable levels by time:
     D:1: 1045 daAuts
     D:2: 228 daAuts
